 Dungeon Crawl Stone Soup version 0.29.0-4-gdea44cf6ec (webtiles) character file.

Game seed: 7432009866027232662

10 qw the Chopper (level 2, 0/17 HPs)
             Began as a Tengu Warper on Aug 28, 2022.
             Hit by a stone thrown by a kobold (2 damage)
             ... on level 1 of the Dungeon.
             The game lasted 00:00:01 (90 turns).

qw the Chopper (Tengu Warper)                         Turns: 90, Time: 00:00:01

Health: 0/17       AC:  3    Str: 11    XL:     2   Next: 20%
Magic:  6/6        EV: 11    Int: 13    God:
Gold:   0          SH:  0    Dex: 13    Spells: 5/5 levels left

rFire   . . .      SeeInvis .   a - +0 hand axe
rCold   . . .      Faith    .   (no shield)
rNeg    . . .      Spirit   .   b - +0 leather armour
rPois   .          Reflect  .   (helmet restricted)
rElec   .          Harm     .   (no cloak)
rCorr   .          Rampage  .   (no gloves)
Will    .....                   (boots unavailable)
Stlth   +.........              (no amulet)
HPRegen 0.05/turn               (no ring)
MPRegen 0.10/turn               (no ring)

@: no status effects
A: beak, talons 3
a: no special abilities


You were on level 1 of the Dungeon.
You visited 1 branch of the dungeon, and saw 1 of its levels.


Innate Abilities, Weirdness & Mutations

You have a beak for a mouth.
You have claws for feet.


   Skills:
 - Level 2.0 Fighting
 + Level 3.1 Axes
 - Level 1.0 Throwing
 - Level 1.1 Armour
 - Level 2.1 Dodging
 - Level 2.0 Spellcasting
 - Level 2.4 Translocations


You had 5 spell levels left.
You didn't know any spells.
Your spell library contained the following spells:

 Spells                   Type           Power      Damage    Failure   Level
 Blink                    Tloc           14%        N/A       19%         2
 Gell's Gravitas          Tloc           7%         N/A       36%         3
 Lesser Beckoning         Tloc           7%         N/A       36%         3
 Teleport Other           Tloc           7%         N/A       36%         3
 Manifold Assault         Tloc           7%         N/A       98%         5

Inventory:

Hand Weapons
 a - a +0 hand axe (weapon)
 f - a +0 whip
Armour
 b - a +0 leather armour (worn)
 e - a +0 plate armour
Scrolls
 c - a scroll of blinking

Dungeon Overview and Level Annotations

Branches:
Dungeon (1/15)

Altars:


Message History

The bat is moderately wounded.
You closely miss the goblin. You hit the jackal but do no damage.
The bat barely misses you. The jackal barely misses you.
The goblin closely misses you.
The jackal bites you but does no damage.
You completely miss the bat. You claw the bat.
You kill the bat!
You barely miss the jackal. You barely miss the goblin.
The jackal bites you but does no damage.
The goblin hits you with a +0 club.
You have reached level 2!
You hit the goblin. Your peck misses the goblin.
The goblin is moderately wounded.
You hit the jackal.
The jackal bites you but does no damage.
The goblin hits you but does no damage. The jackal barely misses you.
You hit the jackal.
You kill the jackal!
You miss the goblin. The goblin barely misses you.
The goblin hits you with a +0 club.
Your Axes skill increases to level 3!
You hit the goblin.
You kill the goblin!
You barely miss the ball python.
The ball python bites you but does no damage.
The ball python barely misses you. The ball python bites you.
The ball python grabs you. The ball python constricts you.
You hit the ball python but do no damage.
Your peck misses the ball python. The ball python bites you.
The ball python constricts you.
A kobold comes into view. It is wielding a +0 short sword.
You barely miss the ball python.
The kobold shouts!
You claw the ball python.
You kill the ball python!
You hear a shout!
The kobold throws a stone.
The stone barely misses you.
The kobold throws a stone.
The stone barely misses you.
The kobold throws a stone.
The stone hits you.
You die...

.. .#.#.### ##
###.#...# .......
#...#.#.# .......
###.#.#.#.# .......
#...#.#.#.# ....K>.
###.###.#.#.# .....
....#...#.#.#
##...##.#
#####.#######
##)%......
.##....)#...###%@#
.................##.#
.###................#
#............#####
#..........###
#####.....##
#.......# #.......#
#.......#


You could see a kobold.

Vanquished Creatures
  4 goblins (D:1)
  3 jackals (D:1)
  A ball python (D:1)
  A bat (D:1)
9 creatures vanquished.

Notes
Turn   | Place    | Note
-------+----------+-------------------------------------------
     0 | D:1      | qw the Tengu Warper began the quest for the Orb.
     0 | D:1      | Reached XP level 1. HP: 12/12 MP: 4/4
     0 | D:1      | 0 ||| qw: Version: 0.1-a-89-g26bdef1
     0 | D:1      | 0 ||| qw: Game counter: 11
     0 | D:1      | 0 ||| qw: Always use a shield: true
     0 | D:1      | 0 ||| qw: God list: Okawaru
     0 | D:1      | 0 ||| qw: Allow faded altars: false
     0 | D:1      | 0 ||| qw: Do Orc after D:15 true
     0 | D:1      | 0 ||| qw: Do second Lair branch before Depths: true
     0 | D:1      | 0 ||| qw: Lair rune preference: random
     0 | D:1      | 0 ||| qw: Plans: Normal
     0 | D:1      | 0 ||| PLANNING D:1-11
    82 | D:1      | Reached XP level 2. HP: 9/17 MP: 6/6
    84 | D:1      | Reached skill level 3 in Axes
    85 | D:1      | HP: 2/17 [ball python (3)]
    90 | D:1      | Hit by a stone thrown by a kobold

Levels and vault maps discovered:
D:1:      psy_arrival_radial02, layout_rooms, minmay_tree_intersection,
          minmay_tetromino_i2

Skill      XL: |  1  2 |
---------------+-------+-----
Axes           | 3 |  3.1
Fighting       | |  2.0
Throwing       | |  1.0
Armour         | |  1.1
Dodging        | |  2.1
Spellcasting   | |  2.0
Translocations | |  2.4

Action                   || total
-------------------------++-------
Melee: Hand axe          ||    17
       Kick              ||     6
       Peck              ||     1
Throw: Boomerang         ||     7
Armor: Leather armour    ||    12
Dodge: Dodged            ||    32

Table legend:
 A = Non-vault XP
 B = Vault XP
 C = Vault XP percentage of total XP
 D = Non-vault monster count
 E = Vault monster count
 F = Vault count percentage of total count
                 A         B        C        D         E       F
            +---------+---------+-------+---------+---------+-------
      Total |      15 |       0 |   0.0 |       9 |       0 |   0.0
            +---------+---------+-------+---------+---------+-------
        D:1 |      15 |       0 |   0.0 |       9 |       0 |   0.0
            +---------+---------+-------+---------+---------+-------
